 Dungeon Crawl Stone Soup version 0.30-a0-12-gd8047c6341 (webtiles) character file.

Game seed: 10833763366278440082

95 IdlyInterested the Trooper (level 4, -2/35 HPs)
             Began as a Demonspawn Wanderer on Aug 23, 2022.
             Slain by Crazy Yiuf
             ... wielding a +3 quarterstaff of chaos
              (6 damage)
             ... on level 2 of the Dungeon.
             The game lasted 00:06:47 (2884 turns).

IdlyInterested the Trooper (Demonspawn Wanderer)    Turns: 2884, Time: 00:06:48

Health: -2/35      AC:  6    Str: 11    XL:     4   Next: 40%
Magic:  4/4        EV: 10    Int: 11    God:
Gold:   112        SH:  7    Dex: 18    Spells: 3/3 levels left

rFire   . . .      SeeInvis .    i - +2 dagger (freeze)
rCold   . . .      Faith    .    b - +2 buckler
rNeg    . . .      Spirit   .    c - +0 ring mail
rPois   .          Reflect  .    k - +0 helmet
rElec   .          Harm     .    (no cloak)
rCorr   .          Rampage  .    (no gloves)
Will    .....                    (no boots)
Stlth   +.........               (no amulet)
HPRegen 0.11/turn                (no ring)
MPRegen 0.09/turn                (no ring)

@: lethally poisoned (-2 -> -5)
A: hooves 1
a: no special abilities


You were on level 2 of the Dungeon.
You visited 1 branch of the dungeon, and saw 2 of its levels.

You collected 112 gold pieces.

Inventory:

Hand Weapons
 a - a +0 mace
 i - a +2 dagger of freezing (weapon)
 l - a +0 spear
Missiles
 o - 6 boomerangs (quivered)
Armour
 b - a +2 buckler (worn)
 c - a +0 ring mail (worn)
 e - a +0 leather armour
 h - a +0 robe
 j - a +0 chain mail
 k - a +0 helmet (worn)
Scrolls
 g - a scroll of enchant weapon
 m - a scroll of poison {unknown}
Potions
 d - 2 potions of brilliance
 f - a potion of magic
 n - a potion of ambrosia
 p - a potion of curing {unknown}


   Skills:
 * Level 3.3 Fighting
 + Level 2.4 Maces & Flails
 - Level 2.0 Armour
 - Level 2.0 Dodging
 + Level 1.8 Shields
 - Level 1.2 Invocations
 - Level 1.0 Evocations


You had 3 spell levels left.
You didn't know any spells.
Your spell library contained the following spells:

 Spells                   Type           Power      Damage    Failure   Level
 Apportation              Tloc           0%         N/A       75%         1
 Necrotise                Necr           0%         1d4       75%         1
 Summon Small Mammal      Summ           0%         N/A       75%         1


Dungeon Overview and Level Annotations

Branches:
Dungeon (2/15)

Altars:

Annotations:
D:2 Crazy Yiuf, Sigmund


Innate Abilities, Weirdness & Mutations

You have large cloven feet.


Message History

The rat moves out of view.
There is an open door here.
The rat misses you.
You hit the rat.
You kill the rat!
Things that are here:
a +0 short sword; a kobold corpse Crazy Yiuf shouts!
Could not explore, unopened runed door.
Your +2 dagger of freezing glows with a cold blue light!
i - a +2 dagger of freezing (weapon)
You open the door.
Throw: 6 boomerangs
Press: ? - help, Q - select action Shift-Dir - straight line, f - Crazy Yiuf
Aim: Crazy Yiuf, wielding a +3 quarterstaff of chaos and wearing a +0 cloak (65% to hit)
You throw a boomerang. The boomerang hits Crazy Yiuf.
Crazy Yiuf is lightly wounded.
Crazy Yiuf closely misses you.
You hit Crazy Yiuf but do no damage.
Crazy Yiuf is lightly wounded.
Crazy Yiuf hits you with a +3 quarterstaff of chaos!
You are poisoned.
You hit Crazy Yiuf but do no damage.
Crazy Yiuf is lightly wounded.
You feel very sick. You block Crazy Yiuf's attack.
You closely miss Crazy Yiuf.
Crazy Yiuf is lightly wounded.
You feel very sick. You block Crazy Yiuf's attack.
You hit Crazy Yiuf but do no damage.
Crazy Yiuf is lightly wounded.
You feel sick. You block Crazy Yiuf's attack.
You hit Crazy Yiuf. You freeze Crazy Yiuf.
Crazy Yiuf is heavily wounded.
You feel sick.
Crazy Yiuf hits you with a +3 quarterstaff of chaos!
* * * LOW HITPOINT WARNING * * *
You convulse.
You die...

#.......### #.###.# #.#
######.......######.###.####.#
............>)...##.....#....#
........#################.####
........# #.# ........##♣♣♣♣♣
#.# ............♣.♣♣♣**###
#.##### .............♣..♣#...#
#.....# ............♣♣♣♣@g...#
#.###.# ...........♣♣ ♣♣#..)#
#.###.# ........##♣♣ **###
#.#...# ........# ###.###
######### #...# #.####### #.#
#..<# #.###.#.# #.....#.#


You could see Crazy Yiuf.

Vanquished Creatures
  Robin (D:2)
  3 adders (D:2)
  3 worms (D:2)
  5 ball pythons
  6 endoplasms
  A giant cockroach (D:1)
  4 goblins (D:2)
  10 hobgoblins
  2 quokkas (D:2)
  A frilled lizard (D:1)
  5 kobolds
  5 rats
46 creatures vanquished.

Notes
Turn   | Place    | Note
-------+----------+-------------------------------------------
     0 | D:1      | IdlyInterested the Demonspawn Wanderer began the quest for
                  | the Orb.
     0 | D:1      | IdlyInterested set off with the following items: a +0 mace,
                  | a +2 buckler, a +0 ring mail, a potion of brilliance.
     0 | D:1      | Reached XP level 1. HP: 16/16 MP: 1/1
   477 | D:1      | Gained mutation: You have large cloven feet. [demonic
                  | ancestry]
   477 | D:1      | Reached XP level 2. HP: 22/22 MP: 2/2
   938 | D:1      | Found a faded altar of an unknown god.
  1345 | D:2      | Reached skill level 1 in Dodging
  1578 | D:2      | Reached XP level 3. HP: 25/28 MP: 3/3
  1801 | D:2      | Noticed Sigmund
  2120 | D:2      | Noticed Robin
  2146 | D:2      | Reached skill level 3 in Fighting
  2160 | D:2      | Killed Robin
  2161 | D:2      | Reached XP level 4. HP: 26/35 MP: 4/4
  2619 | D:2      | Found a runed translucent door.
  2620 | D:2      | Noticed Crazy Yiuf
  2884 | D:2      | Slain by Crazy Yiuf

Illustrated notes

Levels and vault maps discovered:
D:1:      dpeg_arrival_leaves_temple_mockup, layout_loops_ring,
          shapermc_ecumenical_altar_starsandcircs
D:2:      layout_basic, uniq_crazy_yiuf_cottage, uniq_robin, uniq_sigmund

Skill      XL: |  1  2  3  4 |
---------------+-------------+-----
Armour         | 2 |  2.0
Maces & Flails | 2 |  2.4
Dodging        | 1 2 |  2.0
Fighting       | 3 |  3.3
Shields        | |  1.8
Invocations    | |  1.2
Evocations     | |  1.0

Action                   |  1- 3 |  4- 6 || total
-------------------------+-------+-------++-------
Melee: Mace              |    96 |    45 ||   141
       Kick              |    18 |    15 ||    33
       Dagger            |       |     5 ||     5
Throw: Stone             |    23 |       ||    23
       Boomerang         |     7 |     1 ||     8
  Use: Scroll            |     6 |     1 ||     7
Armor: Ring mail         |    29 |     7 ||    36
Dodge: Dodged            |    35 |    22 ||    57
Block: Buckler           |    21 |    19 ||    40

Table legend: (Time is in decaauts)
 A = Elapsed time spent in this place.
 B = Non-inter-level travel time spent in this place.
 C = Inter-level travel time spent in this place.
 D = Time resting spent in this place.
 E = Time spent auto-exploring this place.
 F = Levels seen in this place.
 G = Mean time per level.
                   A        B        C        D        E       F      G
               +--------+--------+--------+--------+--------+-----+--------+
         Total |   2937 |   2728 |    209 |    981 |   1169 |   2 | 1468.5 |
       Dungeon |   2937 |   2728 |    209 |    981 |   1169 |   2 | 1468.5 |
               +--------+--------+--------+--------+--------+-----+--------+

Top non-repeatable levels by time:
     D:1: 1650 daAuts
     D:2: 1287 daAuts
